 Dungeon Crawl Stone Soup version 0.23.2-33-g5129a83184 (webtiles) character file.

Game seed: 8141322540667043783

35 CitizenNev the Cudgeler (level 3, -3/23 HPs)
             Began as a Gargoyle Fighter on July 30, 2019.
             Slain by a bullfrog (5 damage)
             ... on level 2 of the Dungeon.
             The game lasted 00:02:52 (1095 turns).

CitizenNev the Cudgeler (Gargoyle Fighter)          Turns: 1095, Time: 00:02:53

Health: -3/23      AC: 11    Str: 25    XL:     3   Next: 33%
Magic:  3/3        EV:  7    Int:  8    God:
Gold:   69         SH:  9    Dex:  9    Spells: 2/2 levels left

rFire    . . .     SeeInvis .   a - +0 flail
rCold    . . .     Gourm    .   c - +0 shield
rNeg     + . .     Faith    .   b - +0 scale mail
rPois    ∞         Spirit   .   (no helmet)
rElec    +         Reflect  .   (no cloak)
rCorr    .         Harm     .   (no gloves)
MR       .....                  k - +0 pair of boots {Fly}
Stlth    ..........             (no amulet)
HPRegen  0.07/turn              (no ring)
MPRegen  0.08/turn              (no ring)

@: mighty
A: negative energy resistance 1, electricity resistance, unbreathing,
petrification resistance, rot immunity, AC +3
a: Evoke Flight


You were on level 2 of the Dungeon.
You were not hungry.

You visited 1 branch of the dungeon, and saw 2 of its levels.

You collected 69 gold pieces.

Inventory:

Hand Weapons
 a - a +0 flail (weapon)
Armour
 b - a +0 scale mail (worn)
 c - a +0 shield (worn)
 k - a +0 pair of boots of flying (worn)
Scrolls
 e - a scroll of teleportation {unknown}
 g - a scroll of fog {unknown}
 h - a scroll of remove curse {unknown}
 i - 3 scrolls of identify {unknown}
Potions
 j - a potion of haste {unknown}
 l - a potion of lignification {unknown}
Comestibles
 f - a ration
 m - a chunk of flesh


   Skills:
 - Level 3.2 Fighting
 * Level 3.6 Maces & Flails
 - Level 3.2 Armour
 - Level 3.2 Shields


You had 2 spell levels left.
You didn't know any spells.
Your spell library was empty.

Dungeon Overview and Level Annotations

Branches:
Dungeon (2/15)

Altars:


Innate Abilities, Weirdness & Mutations

You are resistant to torment.
Your stone body is resilient. (AC +3)
You are immune to poison.
You resist negative energy. (rN+)
You are resistant to electric shocks. (rElec)
You can survive without breathing.
You are immune to petrification.
You are immune to rotting.


Message History

Found an escape hatch in the ceiling.
You see here a smoky orange potion.
You hit the bullfrog but do no damage. The bullfrog hits you.
You block the bullfrog's attack.
You barely miss the bullfrog. The bullfrog hits you. x2
You closely miss the bullfrog. The bullfrog hits you. x2
You are too injured to fight recklessly!
You hit the bullfrog.
The bullfrog is lightly wounded.
The bullfrog barely misses you. The bullfrog hits you.
* * * LOW HITPOINT WARNING * * *
You block the bullfrog's attack. The bullfrog barely misses you.
You block the bullfrog's attack.
You feel very mighty all of a sudden.
The bullfrog hits you but does no damage.
You closely miss the bullfrog.
The bullfrog is lightly wounded.
The bullfrog hits you.
You die...

## # ###.. #.
#####...####### #.
#.. ..#....#.. ##.#
#.# #......#.# ...
##.###.# #..#.# #).
##.#...(# #..%.#
#.<##.###÷#.###.#!.#
#..#.## ##.<@F..#..#
#...## ##...###..#
#..#.## ##.#### #..#
#..##.###.## #..#
#...>..#.## #..#
#....####.## #...
#.### ### ...< #. #


You could see a bullfrog.

Vanquished Creatures
  An adder (D:2)
  A dart slug (D:1)
  4 bats (D:1)
  A giant cockroach (D:1)
  3 hobgoblins
  3 kobolds (D:1)
  A quokka (D:2)
  2 frilled lizards (D:1)
  4 goblins (D:1)
  3 rats (D:1)
23 creatures vanquished.

Notes
Turn   | Place    | Note
-------+----------+-------------------------------------------
     0 | D:1      | CitizenNev the Gargoyle Fighter began the quest for the
                  | Orb.
     0 | D:1      | Reached XP level 1. HP: 14/14 MP: 1/1
   180 | D:1      | Reached XP level 2. HP: 17/19 MP: 2/2
   867 | D:2      | Reached XP level 3. HP: 23/23 MP: 3/3
  1083 | D:2      | Noticed a bullfrog
  1088 | D:2      | HP: 1/23 [bullfrog (6)]
  1095 | D:2      | Slain by a bullfrog

Skill      XL: |  1  2 |
---------------+-------+-----
Maces & Flails | 3 |  3.6
Fighting       | |  3.2
Armour         | |  3.2
Shields        | |  3.2

Action                   || total
-------------------------++-------
Melee: Flail             ||   113
 Abil: Stop Flying       ||     1
  Use: Potion            ||     1
  Eat: Chunk             ||     1
Armor: Scale mail        ||    69
Dodge: Dodged            ||    38
Block: Shield            ||    51
